 Dungeon Crawl Stone Soup version 0.29-a0-817-g9904bce7a6 (webtiles) character file.

Game seed: 18293429206050746233

9 xian the Sneak (level 2, -3/19 HPs)
             Began as a Kobold Delver on July 5, 2022.
             Slain by an iguana (9 damage)
             ... on level 4 of the Dungeon.
             The game lasted 00:02:37 (241 turns).

xian the Sneak (Kobold Delver)                       Turns: 241, Time: 00:02:38

Health: -3/19      AC:  4    Str:  9    XL:     2   Next: 25%
Magic:  2/2        EV: 14    Int: 11    God:
Gold:   39         SH:  0    Dex: 16    Spells: 1/1 levels left

rFire   . . .      SeeInvis .   a - +0 short sword
rCold   . . .      Faith    .   (no shield)
rNeg    . . .      Spirit   .   b - +0 leather armour
rPois   .          Reflect  .   (no helmet)
rElec   .          Harm     .   (no cloak)
rCorr   .          Rampage  .   (no gloves)
Will    .....                   i - +0 pair of boots
Stlth   ++++......              (no amulet)
HPRegen 0.06/turn               (no ring)
MPRegen 0.08/turn               (no ring)

@: no status effects
A: small, no large weapons, nightstalker 3
a: no special abilities


You were on level 4 of the Dungeon.
You visited 1 branch of the dungeon, and saw 2 of its levels.

You collected 39 gold pieces.

Inventory:

Hand Weapons
 a - a +0 short sword (weapon)
Armour
 b - a +0 leather armour (worn)
 i - a +0 pair of boots (worn)
Wands
 g - a wand of digging (3)
Scrolls
 d - a scroll of magic mapping
 h - a scroll of identify {unknown}
Potions
 f - a potion of haste


   Skills:
 + Level 3.3 Fighting
 + Level 2.9 Short Blades
 + Level 2.4 Dodging
 + Level 7.0 Stealth


You had one spell level left.
You didn't know any spells.
Your spell library was empty.

Dungeon Overview and Level Annotations

Branches:
Dungeon (5/15)
 Temple: D:4-7

Altars:


Innate Abilities, Weirdness & Mutations

You are small and have problems with some larger weapons.
You are completely attuned to the shadows.


Message History

You are poisoned.
The adder poisons you! The hobgoblin attacks as you move away!
The hobgoblin barely misses you.
You feel sick. The giant cockroach misses you.
As you read the scroll of fear, it crumbles to dust.
You assume a fearsome visage.
The adder looks frightened!
The iguana looks frightened!
The giant cockroach looks frightened!
The hobgoblin looks frightened!
You feel sick.
Found a ring mail.
You feel sick.
You feel sick.
You feel sick.
You feel sick.
You feel sick.
You are no longer poisoned.
You see here a +0 ring mail.
You barely miss the giant cockroach.
Your attack snaps the giant cockroach out of its fear.
The giant cockroach misses you.
You hit the giant cockroach but do no damage.
The giant cockroach barely misses you.
The iguana hisses angrily.
You hit the giant cockroach but do no damage.
The giant cockroach bites you but does no damage. x2
You hit the giant cockroach.
You kill the giant cockroach!
The iguana seems to regain its courage.
The iguana misses you.
You see here a giant cockroach corpse.
The iguana barely misses you. The iguana barely misses you.
The iguana attacks as you move away! The iguana bites you.
* * * LOW HITPOINT WARNING * * *
The iguana attacks as you move away! The iguana barely misses you.
As you read the scroll of fog, it crumbles to dust.
The scroll dissolves into smoke.
The iguana hisses menacingly.
The iguana closely misses you.
Found a leather armour.
The iguana attacks as you move away! The iguana bites you!
You die...

#.......###
#..##.....#
#...........
#.###......#
#. #.§§#..##
## ##§§§§...
...§§§§§..
#.###l§.§.
.. #@§§..
#.....
#.....
#....[
#.....


You could see an iguana.

Vanquished Creatures
  2 ball pythons (D:4)
  An endoplasm (D:4)
  A giant cockroach (D:4)
  2 jackals (D:4)
  A quokka (D:4)
7 creatures vanquished.

Notes
Turn   | Place    | Note
-------+----------+-------------------------------------------
     0 | D:5      | xian the Kobold Delver began the quest for the Orb.
     0 | D:5      | Reached XP level 1. HP: 14/14 MP: 1/1
    43 | D:5      | Noticed a scorpion
    61 | D:5      | Noticed a bullfrog
   155 | D:4      | Reached XP level 2. HP: 19/19 MP: 2/2
   156 | D:4      | Noticed a scorpion
   159 | D:4      | Reached skill level 7 in Stealth
   241 | D:4      | Slain by an iguana

Illustrated notes

Levels and vault maps discovered:
D:4:      layout_basic, marbit_many_paths
D:5:      layout_cave_pools, lightli_temple_of_fire, kennysheep_mini_moat,
          uniq_duvessa, uniq_grinder, uniq_menkaure

Skill      XL: |  1  2 |
---------------+-------+-----
Stealth        | 7 |  7.0
Fighting       | |  3.3
Short Blades   | |  2.9
Dodging        | |  2.4

Action                   || total
-------------------------++-------
Melee: Short sword       ||    18
  Use: Scroll            ||     2
 Stab: Sleeping          ||     4
Armor: Leather armour    ||     6
Dodge: Dodged            ||    26

Table legend: (Time is in decaauts)
 A = Elapsed time spent in this place.
 B = Non-inter-level travel time spent in this place.
 C = Inter-level travel time spent in this place.
 D = Time resting spent in this place.
 E = Time spent auto-exploring this place.
 F = Levels seen in this place.
 G = Mean time per level.
                   A        B        C        D        E       F      G
               +--------+--------+--------+--------+--------+-----+--------+
         Total |    240 |    240 |      0 |      0 |     62 |   2 |  120.0 |
       Dungeon |    240 |    240 |      0 |      0 |     62 |   2 |  120.0 |
               +--------+--------+--------+--------+--------+-----+--------+

Top non-repeatable levels by time:
     D:4: 168 daAuts
     D:5: 72 daAuts
